Workbook
Name AbaDeprec: '5. Depreciação'!$A$1
Name AbaRemun: #REF!
Name AbaRemun: #REF!
Name AbaRemun: #REF!
Name AbaRemun: #REF!

Sheet 1. Resumo
A1: PREFEITURA MUNICIPAL DE SÃO MARCOS
A2: Resumo custo edital dos serviços de coleta de serviços de saúde
A3: Ordem | B3: Descrição | C3: PO R$
A4: 1 | B4: Coleta, transporte e destino final de Resíduos de Saúde | C4: ='2. Coleta Resíduos Saúde'!F234 -> 3111.6834
A6: Total Geral | C6: =SUM(C4:C5) -> 3111.6834
A8: São Marcos, 26 de fevereiro de 2026
A16: ECZ, Assessoria, Consultoria e Treinamento Ltda

Sheet 2. Coleta Resíduos Saúde
A1: Orientações para preenchimento:
A2: 1. Esta planilha é somente um modelo-base, devendo ser adaptada para cada caso concreto.
A3: Qualquer custo previsto no edital e não contemplado nesta planilha deverá ser devidamente incluído.
A4: 2. Antes de preenchê-la, leia a Orientação Técnica - Serviço de coleta de resíduos sólidos domiciliares
A5: 3. Preencher somente células em amarelo
A6: 4. As células azuis deverão ter seus valores preenchidos em outra planilha do arquivo.
A8: O TCE/RS não se responsabiliza pelo uso incorreto desta planilha.
A9: O orçamento deve ser realizado por responsável técnico habilitado e é de responsabilidade do seu autor.
A11: Prefeitura Municipal de São Marcos - RS
A12: 1. Coleta de Resíduos de Serviços de Saúde
A13: Planilha de Composição de Custos
A15: Orçamento Sintético
A16: Descrição do Item | E16: Custo (R$/mês) | F16: %
A17: =A39 -> 1. Mão-de-obra | E17: =+F89 -> 578.08598 | F17: =IFERROR(E17/$E$35,0) -> 0.18577918
A18: =A40 -> 1.1. Coletor Turno Dia | E18: =F51 -> 229.02005 | F18: =IFERROR(E18/$E$35,0) -> 0.07360005
A19: =A53 -> 1.2. Motorista Turno do Dia | E19: =F66 -> 245.41948 | F19: =IFERROR(E19/$E$35,0) -> 0.078870324
A20: =A68 -> 1.3. Vale Transporte | E20: =F74 -> 18.563446 | F20: =IFERROR(E20/$E$35,0) -> 0.0059657245
A21: =A76 -> 1.4. Vale-refeição (diário) | E21: =F81 -> 74.383 | F21: =IFERROR(E21/$E$35,0) -> 0.023904424
A22: =A83 -> 1.5. Abono, Auxílio Alimentação (mensal) | E22: =F87 -> 10.7 | F22: =IFERROR(E22/$E$35,0) -> 0.0034386531
A23: =A91 -> 2. Uniformes e Equipamentos de Proteção Individual | E23: =+F123 -> 19.787879 | F23: =IFERROR(E23/$E$35,0) -> 0.0063592198
A24: =A125 -> 3. Veículos e Equipamentos | E24: =+F199 -> 822.56503 | F24: =IFERROR(E24/$E$35,0) -> 0.26434728
A25: =A126 -> 3.1. Veículo Coletor | E25: =SUM(E26:E31) -> 822.56503 | F25: =IFERROR(E25/$E$35,0) -> 0.26434728
A26: =A127 -> 3.1.1. Depreciação | E26: =F141 -> 69.130303 | F26: =IFERROR(E26/$E$35,0) -> 0.022216368
A27: =A143 -> 3.1.2. Remuneração do Capital | E27: =F157 -> 104.93276 | F27: =IFERROR(E27/$E$35,0) -> 0.033722183
A28: =A159 -> 3.1.3. Impostos e Seguros | E28: =F165 -> 23.141174 | F28: =IFERROR(E28/$E$35,0) -> 0.0074368665
A29: =A167 -> 3.1.4. Consumos | E29: =F183 -> 387.8858 | F29: =IFERROR(E29/$E$35,0) -> 0.12465465
A30: =A185 -> 3.1.5. Manutenção | E30: =F188 -> 170.2 | F30: =IFERROR(E30/$E$35,0) -> 0.054697081
A31: =A190 -> 3.1.6. Pneus | E31: =F197 -> 67.275 | F31: =IFERROR(E31/$E$35,0) -> 0.02162013
A32: =A201 -> 4. Custo dos resíduos de saúde | E32: =+F211 -> 1120.0001 | F32: =IFERROR(E32/$E$35,0) -> 0.35993381
A33: =A213 -> 5. Monitoramento da frota | E33: =+F222 -> 6.3636364 | F33: =IFERROR(E33/$E$35,0) -> 0.0020450783
A34: =A226 -> 6. Benefícios e Despesas Indiretas - BDI | E34: =+F232 -> 564.88082 | F34: =IFERROR(E34/$E$35,0) -> 0.18153544
A35: PREÇO TOTAL MENSAL COM A COLETA | E35: =E17+E23+E24+E32+E33+E34 -> 3111.6834 | F35: =F17+F23+F24+F32+F33+F34 -> 1
A37: Fator de utilização (FU) | B37: =Horários!F16/Horários!F17 -> 0.045454545
A39: 1. Mão-de-obra
A40: 1.1. Coletor Turno Dia
A41: Discriminação | B41: Unidade | C41: Quantidade | D41: Custo unitário | E41: Subtotal | F41: Total (R$)
A42: Piso da categoria | B42: mês | C42: 1 | D42: 2082.32 | E42: =C42*D42 -> 2082.32
A43: Horas Extras (100%) | B43: hora | D43: =D42/220*2 -> 18.930182 | E43: =C43*D43 -> 0 | G43: Excluir esta linha caso a contratação não tenha previsão de horas extras 100% explícita no edital
A44: Horas Extras (50%) | B44: hora | D44: =D42/220*1.5 -> 14.197636 | E44: =C44*D44 -> 0 | G44: Excluir esta linha caso a contratação não tenha previsão de horas extras 50% explícita no edital
A45: Descanso Semanal Remunerado (DSR) - hora extra | B45: R$ | D45: =63/302*(SUM(E43:E44)) -> 0 | E45: =D45 -> 0 | G45: Excluir esta linha caso a contratação não tenha previsão de horas extras explícita no edital
A46: Adicional de Insalubridade | B46: % | C46: 40 | D46: =SUM(E42:E45) -> 2082.32 | E46: =C46*D46/100 -> 832.928
A47: Soma | E47: =SUM(E42:E46) -> 2915.248
A48: Encargos Sociais | B48: % | C48: ='3.Encargos Sociais'!$C$37*100 -> 72.83062 | D48: =E47 -> 2915.248 | E48: =D48*C48/100 -> 2123.1932
A49: Total por Coletor | E49: =E47+E48 -> 5038.4412
A50: Total do Efetivo | B50: homem | C50: 1 | D50: =E49 -> 5038.4412 | E50: =C50*D50 -> 5038.4412
D51: Fator de utilização | E51: =$B$37 -> 0.045454545 | F51: =E50*E51 -> 229.02005
A53: 1.2. Motorista Turno do Dia
A54: Discriminação | B54: Unidade | C54: Quantidade | D54: Custo unitário | E54: Subtotal | F54: Total (R$)
A55: Piso da categoria (2) | B55: mês | C55: 1 | D55: 2475.6 | E55: =C55*D55 -> 2475.6
A56: Salário mínimo nacional (1) | B56: mês | C56: 1 | D56: 1621
A57: Horas Extras (100%) | B57: hora | D57: =D55/220*2 -> 22.505455 | E57: =C57*D57 -> 0 | G57: Excluir esta linha caso a contratação não tenha previsão de horas extras 100% explícita no edital
A58: Horas Extras (50%) | B58: hora | D58: =D55/220*1.5 -> 16.879091 | E58: =C58*D58 -> 0 | G58: Excluir esta linha caso a contratação não tenha previsão de horas extras 50% explícita no edital
A59: Descanso Semanal Remunerado (DSR) - hora extra | B59: R$ | D59: =63/302*(SUM(E57:E58)) -> 0 | E59: =D59 -> 0 | G59: Excluir esta linha caso a contratação não tenha previsão de horas extras explícita no edital
A60: Base de cálculo da Insalubridade | C60: 1
A61: Adicional de Insalubridade | B61: % | C61: 40 | D61: =IF(C60=2,SUM(E55:E59),IF(C60=1,(SUM(E55:E59))*D56/D55,0)) -> 1621 | E61: =C61*D61/100 -> 648.4
A62: Soma | E62: =SUM(E55:E61) -> 3124
A63: Encargos Sociais | B63: % | C63: ='3.Encargos Sociais'!$C$37*100 -> 72.83062 | D63: =E62 -> 3124 | E63: =D63*C63/100 -> 2275.2286
A64: Total por Motorista | E64: =E62+E63 -> 5399.2286
A65: Total do Efetivo | B65: homem | C65: 1 | D65: =E64 -> 5399.2286 | E65: =C65*D65 -> 5399.2286
D66: Fator de utilização | E66: =B37 -> 0.045454545 | F66: =E65*E66 -> 245.41948
A68: 1.3. Vale Transporte
A69: Discriminação | B69: Unidade | C69: Quantidade | D69: Custo unitário | E69: Subtotal | F69: Total (R$)
A70: Vale Transporte | B70: R$ | C70: 1 | D70: 4.95
A71: Dias Trabalhados por mês | B71: dia | C71: 2
A72: Coletor | B72: vale | C72: =C50*C71*2 -> 4 | D72: =IFERROR((($C$71*2*$D$70)-(E42*0.06*C71/26))/($C$71*2),"-") -> 2.5473231 | E72: =IFERROR(C72*D72,"-") -> 10.189292
A73: Motorista | B73: vale | C73: =$C$71*2*(C65) -> 4 | D73: =IFERROR((($C$71*2*$D$70)-(E55*0.06*C71/26))/($C$71*2),"-") -> 2.0935385 | E73: =IFERROR(C73*D73,"-") -> 8.3741538
F74: =SUM(E72:E73) -> 18.563446
A76: 1.4. Vale-refeição (diário)
A77: Discriminação | B77: Unidade | C77: Quantidade | D77: Custo unitário | E77: Subtotal | F77: Total (R$)
A78: =+A72 -> Coletor | B78: unidade | C78: =C50*C71 -> 2 | D78: =27.15*0.81 -> 21.9915 | E78: =C78*D78 -> 43.983
A79: =+A73 -> Motorista | B79: unidade | C79: =C65*C71 -> 2 | D79: =19*0.8 -> 15.2 | E79: =C79*D79 -> 30.4
E80: =C80*D80 -> 0
D81: Fator de utilização | E81: 1 | F81: =(E78*E81)+(E79*E81) -> 74.383
A83: 1.5. Abono, Auxílio Alimentação (mensal)
A84: Discriminação | B84: Unidade | C84: Quantidade | D84: Custo unitário | E84: Subtotal | F84: Total (R$)
A85: Abono | B85: unidade | C85: 1 | D85: 125 | E85: =C85*D85 -> 125
A86: Auxílio Alimentação | B86: unidade | C86: 1 | D86: =138*0.8 -> 110.4 | E86: =C86*D86 -> 110.4
D87: Fator de utilização | E87: =E66 -> 0.045454545 | F87: =SUM(E85:E86)*E87 -> 10.7
A89: Custo Mensal com Mão-de-obra (R$/mês) | F89: =F87+F81+F74+F66+F51 -> 578.08598
A91: 2. Uniformes e Equipamentos de Proteção Individual
A92: 2.1. Uniformes e EPIs para Coletor e Motorista
A93: Discriminação | B93: Unidade | C93: Durabilidade (meses) | D93: Custo unitário | E93: Subtotal | F93: Total (R$)
A94: Jaqueta com reflexivo (NBR 15.292) | B94: unidade | C94: 12 | D94: 170 | E94: =IFERROR(D94/C94,0) -> 14.166667
A95: Calça | B95: unidade | C95: 6 | D95: 75 | E95: =IFERROR(D95/C95,0) -> 12.5
A96: Camiseta manga 3/4 ou longa | B96: unidade | C96: 4 | D96: 45 | E96: =IFERROR(D96/C96,0) -> 11.25
A97: Boné | B97: unidade | C97: 6 | D97: 25 | E97: =IFERROR(D97/C97,0) -> 4.1666667
A98: Botina/bota impermeável | B98: par | C98: 4 | D98: 75 | E98: =IFERROR(D98/C98,0) -> 18.75
A99: Avental impermeável | B99: unidade | C99: 6 | D99: 30 | E99: =IFERROR(D99/C99,0) -> 5
A100: Capa de chuva com reflexivo | B100: unidade | C100: 6 | D100: 55 | E100: =IFERROR(D100/C100,0) -> 9.1666667
A101: Mascara respiratória | B101: unidade | C101: 1 | D101: 15 | E101: =IFERROR(D101/C101,0) -> 15
A102: Óculos | B102: unidade | C102: 6 | D102: 10 | E102: =IFERROR(D102/C102,0) -> 1.6666667
A103: Gorro descartável | B103: unidade | C103: 0.05 | D103: 0.3 | E103: =IFERROR(D103/C103,0) -> 6
A104: Luva de latex forrada com proteção impermeável | B104: par | C104: 0.2 | D104: 12 | E104: =IFERROR(D104/C104,0) -> 60
A105: Protetor solar FPS 30 | B105: frasco 120g | C105: 2 | D105: 20 | E105: =IFERROR(D105/C105,0) -> 10
A106: Higienização de uniformes e EPIs | B106: R$ mensal | C106: 1 | D106: 50 | E106: =C106*D106 -> 50
A107: Total do Efetivo | B107: homem | C107: =C50+C65 -> 2 | D107: =+SUM(E94:E106) -> 217.66667 | E107: =C107*D107 -> 435.33333
D108: Fator de utilização | E108: =$B$37 -> 0.045454545 | F108: =E107*E108 -> 19.787879
A110: 2.2. Uniformes e EPIs para demais categorias
A112: Discriminação | B112: Unidade | C112: Durabilidade (meses) | D112: Custo unitário | E112: Subtotal | F112: Total (R$)
A113: Jaqueta com reflexivo (NBR 15.292) | B113: unidade | C113: =C94 -> 12 | D113: =+D94 -> 170 | E113: =IFERROR(D113/C113,0) -> 14.166667
...

Sheet 3.Encargos Sociais
A1: Orientações para preenchimento:
A3: O TCE/RS não se responsabiliza pelo uso incorreto desta planilha.
A4: O orçamento deve ser realizado por responsável técnico habilitado e
A5: é de responsabilidade do seu autor.
A7: Composição dos Encargos Sociais
A8: Código | B8: Descrição | C8: Valor
A9: A1 | B9: INSS | C9: 0.2
A10: A2 | B10: SESI | C10: 0.015
A11: A3 | B11: SENAI | C11: 0.01
A12: A4 | B12: INCRA | C12: 0.002
A13: A5 | B13: SEBRAE | C13: 0.006
A14: A6 | B14: Salário educação | C14: 0.025
A15: A7 | B15: Seguro contra acidentes de trabalho | C15: 0.03
A16: A8 | B16: FGTS | C16: 0.08
A17: A | B17: SOMA GRUPO A | C17: =SUM(C9:C16) -> 0.368
A19: B1 | B19: Férias gozadas | C19: 0.0833
A20: B2 | B20: 13º salário | C20: 0.0833
A21: B3 | B21: Licença Paternidade | C21: 0.0006
A22: B4 | B22: Faltas justificadas | C22: 0.0082
A23: B5 | B23: Auxilio acidente de trabalho | C23: 0.0031
A24: B6 | B24: Auxilio doença | C24: 0.0166
A25: B | B25: SOMA GRUPO B | C25: =SUM(C19:C24) -> 0.1951
A27: C1 | B27: Aviso prévio indenizado | C27: 0.029
A28: C2 | B28: Férias indenizadas | C28: 0.0278
A29: C3 | B29: Férias indenizadas s/ aviso previo inden. | C29: =C27*C28 -> 0.0008062
A30: C4 | B30: Depósito rescisão sem justa causa | C30: 0.0315
A31: C5 | B31: Indenização adicional | C31: 0.002
A32: C | B32: SOMA GRUPO C | C32: =SUM(C27:C31) -> 0.0911062
A34: D1 | B34: Reincidência de Grupo A sobre Grupo B | C34: =ROUND(C17*C25,4) -> 0.0718
A35: D2 | B35: Reincidência de FGTS sobre aviso prévio indenizado | C35: =ROUND((C27*C16),4) -> 0.0023
A36: D | B36: SOMA GRUPO D | C36: =SUM(C34:C35) -> 0.0741
B37: SOMA (A+B+C+D) | C37: =C36+C32+C25+C17 -> 0.7283062

Sheet 4.BDI
A1: Orientações para preenchimento:
A2: 1. Esta planilha é somente um modelo-base e deve ser ajustada conforme cada caso concreto.
A3: 2. Preencher somente células em amarelo
A5: O TCE/RS não se responsabiliza pelo uso incorreto desta planilha.
A6: O orçamento deve ser realizado por responsável técnico habilitado e é
A7: de responsabilidade do seu autor.
A9: 5. Composição do BDI - Benefícios e Despesas Indiretas
D11: Referência estudo TCE
D12: 1° Quartil | E12: Médio | F12: 3° Quartil
A13: Administração Central | B13: AC | C13: 0.04 | D13: 0.0297 | E13: 0.0508 | F13: 0.0627
A14: Seguros/Riscos/Garantias | B14: SRG | C14: 0.0133 | D14: =0.3%+0.56% -> 0.0086 | E14: =0.48%+0.85% -> 0.0133 | F14: =0.82%+0.89% -> 0.0171
A15: Lucro | B15: L | C15: 0.08 | D15: 0.0778 | E15: 0.1085 | F15: 0.1355
A16: Despesas Financeiras | B16: DF | C16: =(1+E16)^(E17/252)-1 -> 0.0026031494 | D16: i | E16: 0.14
A17: Tributos - ISS | B17: T | C17: 0.03 | D17: DU | E17: 5
A18: Tributos - PIS/COFINS/ e CPP se houver | C18: 0.0365
A19: Fórmula para o cálculo do BDI:
A20: {[(1+AC+SRG) x (1+L) x (1+DF)] / (1-T)} -1
A21: Resultado do cálculo do BDI: | C21: =ROUND((((1+C13+C14)*(1+C15)*(1+C16))/(1-(C17+C18))-1),4) -> 0.2218 | D21: 0.2143 | E21: 0.2717 | F21: 0.3362

Sheet 5. Depreciação
A1: 6. Depreciação Referencial TCE/RS (%)
A2: Idade do veículo (ano) | B2: Depreciação Média
A3: 1 | B3: 33.63
A4: 2 | B4: 43.13
A5: 3 | B5: 48.68
A6: 4 | B6: 52.62
A7: 5 | B7: 55.68
A8: 6 | B8: 58.18
A9: 7 | B9: 60.29
A10: 8 | B10: 62.12
A11: 9 | B11: 63.73
A12: 10 | B12: 65.18
A13: 11 | B13: 66.48
A14: 12 | B14: 67.67
... A17: 15 | B17: 70.73

Sheet Litros
A1: Prefeitura Municipal de São Marcos
A2: Litros de coleta de serviços de resíduos de saúde
A3: Período: Estimativa 2026
A5: Previsão litros coletadas e enviadas ao destino final
A6: Ordem | B6: Tipo de resíduos | C6: Litros/dia | D6: Litros/Mês
A7: 1 | B7: Grupo A e E | C7: 93.33334 | D7: =C7*30 -> 2800.0002
A8: 2 | B8: Grupo B | C8: 13.333334 | D8: =C8*30 -> 400.00002
A10: Total Geral litros mês | D10: =SUM(D7:D9) -> 3200.0002
A12: Total Geral litros ano | D12: =D10*12 -> 38400.003

Sheet Horários
A1: Prefeitura Municipal de São Marcos
A2: Planilha com os horários dos funcionários de coleta de resíduos de serviços de saúde
A3: Periodicidade: Quinzenal
A4: Nr. Func. | B4: Cargo | C4: Dias | D4: Entrada | E4: Saída | F4: Total Horas
A5: 1 | B5: Coletor resíduos | C5: a definir | D5: 0.29166667 | E5: 0.45833333 | F5: 0.16666667
A6: 1 | B6: Motorista | C6: a definir | D6: 0.29166667 | E6: 0.45833333 | F6: 0.16666667
A8: Cargo: Coletor e motorista
A9: Total de horas por coletor e motorista | F9: 4
A10: Total de dias por semana | F10: 0.5
A11: Total de horas por semana | F11: =F9*F10 -> 2
A12: Dias úteis semana | F12: 6
A13: Total de dias com (DSR) Descanso Semanal Remunerado | F13: 7
A14: Total de horas/dia com (DSR) | F14: =F11/F12 -> 0.33333333
A15: Total de dias no mês (30 dias) | F15: 30
A16: Total geral de horas mês com (DSR) | F16: =F14*F15 -> 10
A17: Total geral de horas base mês com (DSR) | F17: 220
A18: Fator de utilização | F18: =F16/F17 -> 0.045454545

Sheet Roteiros
A1: Prefeitura Municipal de São Marcos
A2: Rota de Coleta de Resíduos de Serviços de Saúde
A3: Rota 1 - Coleta de Resíduos de Saúde
A4: Locais de coleta: Secretaria de Saúde
A5: Trecho | B5: Descrição | C5: Ponto a Ponto | D5: Distância | E5: Unid
A6: Trecho 01 | B6: Coleta interna (Postos x UBS) | C6: 1 | D6: 15 | E6: km
A7: Trecho 02 | B7: Destino Final x Centro de Saúde (ida e volta) | C7: 2 | D7: 100 | E7: km
A9: Distância total do percurso (02 vezes mês) | D9: =SUM(D6:D8)*2 -> 230 | E9: km
A11: Probabilidade de coleta nos municípios na mesma viagem | B11: Municípios | E11: Mun.
A13: Rateio proporcional nos municípios | D13: =(D6+D7)/D11 -> #DIV/0! | E13: km
A14: Distância total mensal (02 vezes mês) | D14: =SUM(D13)*2 -> #DIV/0! | E14: km
